 Dungeon Crawl Stone Soup version 0.31-a0-920-g28cbb04a8c (webtiles) character file.

Game seed: 8586550975058265219

84 Darkkill the Shooter (level 4, -3/38 HPs)
             Began as a Minotaur Hunter on Oct 17, 2023.
             Slain by a gnoll
             ... wielding a +0 halberd
              (9 damage)
             ... on level 2 of the Dungeon.
             The game lasted 00:01:27 (801 turns).

Darkkill the Shooter (Minotaur Hunter)               Turns: 801, Time: 00:01:27

Health: -3/38      AC:  3    Str: 16    XL:     4   Next: 24%
Magic:  3/3        EV: 17    Int:  6    God:
Gold:   6          SH:  0    Dex: 15    Spells: 3/3 levels left

rFire   . . .        a - +0 shortbow
rCold   . . .        (shield currently unavailable)
rNeg    . . .        c - +0 leather armour
rPois   .            (helmet restricted)
rElec   .            (no cloak)
rCorr   .            (no gloves)
SInv    .            (no boots)
Will    .....        (no amulet)
Stlth   ++           i - +5 ring of evasion
HPRegen 0.26/turn    (no ring)
MPRegen 0.08/turn

%: no passive effects
@: lethally poisoned (-3 -> -6)
A: horns 2, retaliatory headbutt
a: no special abilities


You were on level 2 of the Dungeon.
You visited 1 branch of the dungeon, and saw 2 of its levels.

You collected 6 gold pieces.

Inventory:

Hand Weapons
 a - a +0 shortbow (weapon)
Missiles
 d - 18 stones
 f - 6 poisoned darts
Armour
 c - a +0 leather armour (worn)
Jewellery
 i - a +5 ring of evasion (left hand)
Scrolls
 e - a scroll of identify {@r1}
Potions
 m - a potion of might


   Skills:
 + Level 3.4 Fighting
 + Level 5.0 Ranged Weapons
 + Level 3.1 Dodging
 + Level 1.8 Stealth


You had 3 spell levels left.
You didn't know any spells.
Your spell library contained the following spells:

 Spells                   Type           Power      Damage    Failure   Level
 Slow                     Hex            0%         N/A       52%         1
 Confusing Touch          Hex            0%         N/A       88%         3
 Hailstorm                Conj/Ice       0%         3d3       88%         3
 Sigil of Binding         Hex            0%         N/A       88%         3
 Vampiric Draining        Necr           0%         2d6       88%         3
 Summon Ice Beast         Ice/Summ       0%         N/A       99%         4
 Simulacrum               Ice/Necr       0%         N/A       100%        6


Dungeon Overview and Level Annotations

Branches:
Dungeon (2/15)

Altars:


Innate Abilities, Weirdness & Mutations

You have a pair of horns on your head.
You reflexively headbutt those who attack you in melee.


Message History

The adder bites your butterfly.
Your butterfly dies!
Your butterfly disappears in a burst of colours!
Unknown command.
The adder bites your butterfly.
Your butterfly dies!
Your butterfly disappears in a burst of colours!
The adder barely misses your butterfly. The adder completely misses you.
You shoot an arrow. The arrow misses the adder.
The arrow barely misses the adder.
The adder misses your butterfly. The adder barely misses you.
Something misses your butterfly. The adder bites your butterfly.
Your butterfly dies!
Your butterfly disappears in a burst of colours!
You shoot an arrow. The arrow hits the adder!
The adder is severely wounded.
The adder closely misses you. The adder bites you.
Something closely misses your butterfly.
The adder barely misses your butterfly. The adder completely misses you. x2
You shoot an arrow.
The arrow hits the adder but does no damage.
The adder is severely wounded.
The adder closely misses you. You furiously retaliate!
You headbutt the adder!
You kill the adder!
The adder misses you. You furiously retaliate!
You headbutt the adder. The adder misses your butterfly.
Something closely misses your butterfly.
Your Dodging skill increases to level 3!
You swap places.
The adder bites you but does no damage.
The adder closely misses your butterfly.
The adder bites you but does no damage.
You swap places.
The adder misses your butterfly. The adder bites your butterfly.
Your butterfly dies!
Your butterfly disappears in a burst of colours!
The adder closely misses your butterfly.
The adder misses your butterfly.
There is a stone staircase leading up here.
The adder bites your butterfly.
Your butterfly dies!
Your butterfly disappears in a burst of colours!
The adder bites you but does no damage.
You climb upwards.
There is a stone staircase leading down here.
You see here a +6 ring of intelligence.
You start resting.
HP restored.
You climb downwards.
The adder misses you. The adder barely misses you. The adder misses you.
There is a stone staircase leading up here.
Fire: a) +0 shortbow
Press: ? - help, Q - select action, (/) - cycle Shift-Dir - straight line, f - adder
Aim: an adder (44% to hit)
You shoot an arrow. The arrow hits the adder!
The adder is severely wounded.
The adder bites you. The adder closely misses you.
Fire: a) +0 shortbow
Press: ? - help, Q - select action, (/) - cycle Shift-Dir - straight line, f/p - adder
Aim: an adder (severely wounded, 44% to hit)
You shoot an arrow. The arrow hits the adder.
You kill the adder!
The adder bites you. The adder misses you.
The gnoll hits you from afar with a +0 halberd!
You have reached level 4!
You feel stronger.
You shoot an arrow. The arrow closely misses the adder.
The arrow completely misses the gnoll.
The adder closely misses you. The gnoll hits you but does no damage.
You shoot an arrow. The arrow misses the adder.
The arrow hits the gnoll but does no damage.
The adder barely misses you. You furiously retaliate!
You headbutt the adder.
The gnoll hits you from afar with a +0 halberd.
The adder bites you.
You shoot an arrow. The arrow closely misses the adder.
The arrow closely misses the gnoll.
The adder bites you.
You are poisoned.
The adder poisons you! The gnoll barely misses you.
You shoot an arrow.
The arrow hits the adder but does no damage.
The adder is heavily wounded.
You feel sick. The adder bites you but does no damage. The gnoll misses you.
The adder misses you.
You shoot an arrow. The arrow misses the adder.
The arrow hits the gnoll.
The gnoll is heavily wounded.
You feel sick. The adder bites you.
* * * LOW HITPOINT WARNING * * *
You are more poisoned.
The adder poisons you! The gnoll closely misses you. The gnoll misses you.
The adder misses you.
You shoot an arrow. The arrow hits the adder!
You kill the adder!
You feel sick. The gnoll barely misses you.
Your Ranged Weapons skill increases to level 5!
You feel sick. The gnoll closely misses you.
Fire: a) +0 shortbow
Press: ? - help, Q - select action, (/) - cycle Shift-Dir - straight line, f - gnoll
Aim: a gnoll, wielding a +0 halberd (heavily wounded, 65% to hit)
You shoot an arrow. The arrow barely misses the gnoll.
You feel sick. The gnoll hits you with a +0 halberd!
You die...

# .##.
....#
......
......###
#....<#
#..##@#
#....g####
#.##.....#
#.).#g#
#...#)#
#.....b
#.....gb
#......bb
####b.#..#


You could see a gnoll.

Vanquished Creatures
  2 gnolls (D:2)
  4 adders (D:2)
  A dart slug (D:1)
  2 ball pythons (D:1)
  7 bats (D:1)
  2 endoplasms (D:1)
  3 hobgoblins
  2 frilled lizards (D:1)
  2 goblins (D:1)
  3 kobolds (D:1)
  4 rats (D:1)
32 creatures vanquished.

Notes
Turn   | Place    | Note
-------+----------+-------------------------------------------
     0 | D:1      | Darkkill the Minotaur Hunter began the quest for the Orb.
     0 | D:1      | Reached XP level 1. HP: 18/18 MP: 0/0
    38 | D:1      | Reached skill level 1 in Stealth
    60 | D:1      | Reached XP level 2. HP: 25/25 MP: 1/1
   713 | D:2      | Reached XP level 3. HP: 31/31 MP: 2/2
   794 | D:2      | Reached XP level 4. HP: 23/38 MP: 3/3
   800 | D:2      | Reached skill level 5 in Ranged Weapons
   800 | D:2      | HP: 6/38 [poisoned by an adder]
   801 | D:2      | Slain by a gnoll

Illustrated notes

Levels and vault maps discovered:
D:1:      scummos_arrival_hexagon, layout_basic
D:2:      layout_basic, dreamdust_ecumenical_altar_drowned_temple

Skill      XL: |  1  2  3  4 |
---------------+-------------+-----
Stealth        | 1 |  1.8
Fighting       | 3 |  3.4
Dodging        | 3 |  3.1
Ranged Weapons | 5 |  5.0

Action                     |  1- 3 |  4- 6 || total
---------------------------+-------+-------++-------
   Fire: Shortbow          |    87 |     7 ||    94
    Use: Scroll            |     6 |       ||     6
         Potion            |     1 |       ||     1
 Armour: Leather armour    |    21 |     7 ||    28
  Dodge: Dodged            |    42 |    10 ||    52

Table legend: (Time is in decaauts)
 A = Elapsed time spent in this place.
 B = Non-inter-level travel time spent in this place.
 C = Inter-level travel time spent in this place.
 D = Time resting spent in this place.
 E = Time spent auto-exploring this place.
 F = Levels seen in this place.
 G = Mean time per level.
                   A        B        C        D        E       F      G
               +--------+--------+--------+--------+--------+-----+--------+
         Total |    819 |    794 |     25 |    146 |    477 |   2 |  409.5 |
       Dungeon |    819 |    794 |     25 |    146 |    477 |   2 |  409.5 |
               +--------+--------+--------+--------+--------+-----+--------+

Top non-repeatable levels by time:
     D:1: 768 daAuts
     D:2: 51 daAuts

Levels and vault maps discovered:
D:1:      scummos_arrival_hexagon, layout_basic
D:2:      layout_basic, dreamdust_ecumenical_altar_drowned_temple

Table legend: (Time is in decaauts)
 A = Elapsed time spent in this place.
 B = Non-inter-level travel time spent in this place.
 C = Inter-level travel time spent in this place.
 D = Time resting spent in this place.
 E = Time spent auto-exploring this place.
 F = Levels seen in this place.
 G = Mean time per level.
                   A        B        C        D        E       F      G
               +--------+--------+--------+--------+--------+-----+--------+
         Total |    819 |    794 |     25 |    146 |    477 |   2 |  409.5 |
       Dungeon |    819 |    794 |     25 |    146 |    477 |   2 |  409.5 |
               +--------+--------+--------+--------+--------+-----+--------+

Top non-repeatable levels by time:
     D:1: 768 daAuts
     D:2: 51 daAuts

Table legend:
 A = Kills in this place as a percentage of kills in the entire game.
 B = Kills by you in this place as a percentage of kills by you in the entire game.
 C = Kills by friends in this place as a percentage of kills by friends in the entire game.
 D = Other kills in this place as a percentage of other kills in the entire game.
 E = Experience gained in this place as a percentage of experience gained in the entire game.
 F = Experience gained in this place divided by the number of levels of this place that you have seen.
                   A       B       C       D       E      F
               +-------+-------+-------+-------+-------+----------------------
         Total | 100.0 | 100.0 |   N/A |   N/A | 100.0 |  60.5
       Dungeon | 100.0 | 100.0 |   N/A |   N/A | 100.0 |  60.5
               +-------+-------+-------+-------+-------+----------------------
